 Dungeon Crawl Stone Soup version 0.21-a0-263-gf26e180 (webtiles) character file.

2 Raykoid666 the Gusty (level 1, -4/13 HPs)
             Began as a Demonspawn Wanderer on Sept 8, 2017.
             Slain by a kobold
             ... wielding a +0 whip
              (5 damage)
             ... on level 1 of the Dungeon.
             The game lasted 00:01:28 (58 turns).

Raykoid666 the Gusty (Demonspawn Wanderer)            Turns: 58, Time: 00:01:28

Health: -4/13      AC:  2    Str: 11    XL:     1   Next: 33%
Magic:  0/3        EV: 11    Int: 12    God:
Gold:   14         SH:  0    Dex: 14    Spells: 2/4 levels left

rFire    . . .     SeeInvis .   e - +0 dagger
rCold    . . .     Gourm    .   (no shield)
rNeg     . . .     Faith    .   d - +0 robe
rPois    .         Spirit   .   (no helmet)
rElec    .         Reflect  .   (no cloak)
rCorr    .         Harm     .   (no gloves)
MR       .....                  (no boots)
Stlth    ++........             (no amulet)
HPRegen  0.04/turn              (no ring)
MPRegen  0.08/turn              (no ring)

@: no status effects
A: no striking features
a: no special abilities


You were on level 1 of the Dungeon.
You were not hungry.

You visited 1 branch of the dungeon, and saw 1 of its levels.

You collected 14 gold pieces.

Inventory:

Hand Weapons
 e - a +0 dagger (weapon)
Armour
 d - a +0 robe (worn)
Books
 a - a book of Air

   Spells                             Type                      Level
   a - Shock                          Conjuration/Air              1
   b - Swiftness                      Charms/Air                   2
   c - Static Discharge               Conjuration/Air              3
   d - Airstrike                      Air                          4
   e - Lightning Bolt                 Conjuration/Air              5
 b - Sif Muna's Handbook of Earth

   Spells                             Type                      Level
   a - Sandblast                      Earth                        1
   b - Stone Arrow                    Conjuration/Earth            3
 c - the Tome of Creation

   Spells                             Type                      Level
   a - Summon Small Mammal            Summoning                    1
   b - Summon Guardian Golem          Hexes/Summoning              3
Comestibles
 f - a bread ration


   Skills:
 - Level 1.0 Stealth
   Level 1.0 Shields
 - Level 2.0 Spellcasting
 + Level 0.4 Conjurations
 + Level 2.1 Summonings
   Level 1.0 Ice Magic
 - Level 2.6 Air Magic


You had 2 spell levels left.
You knew the following spells:

 Your Spells              Type           Power        Failure   Level  Hunger
a - Summon Small Mammal   Summ           #...         12%         1    ##.....
b - Shock                 Conj/Air       #...         14%         1    ##.....


Dungeon Overview and Level Annotations

Branches:
Dungeon (1/15)

Altars:


Message History

The leopard gecko is almost dead.
Your bat misses the leopard gecko. The leopard gecko misses you.
The kobold barely misses you.
Your bat barely misses the leopard gecko.
You hit the leopard gecko but do no damage.
The leopard gecko is almost dead.
Your bat misses the leopard gecko. The leopard gecko closely misses you.
The kobold barely misses you.
You hit the leopard gecko but do no damage.
The leopard gecko is almost dead.
Your bat hits the leopard gecko.
The leopard gecko dies!
The kobold hits you with a whip.
* * * LOW HITPOINT WARNING * * *
Your bat barely misses the kobold.
You see here a leopard gecko corpse.
Casting: Summon Small Mammal
Confirm with . or Enter, or press ? or * to list all spells.
Your bat closely misses the kobold.
The kobold hits you with a whip.
You die...

#####.. .... ...#. !.##
... ###.....##... ..
####...##......##.#
#........##..#.#..# #
#........#...#r..####...
..............#.........
#........###.$bK@..%.#
#........##...g#####.#
#...........#..(.....
.........####.##.K...
†..#####.# #.# .....
#..# #... ..# .... ##..#
#####... g..# ##.# #...
..# .# #...


You could see a goblin, a kobold, a friendly bat and a friendly rat.

Vanquished Creatures
  A rat (D:1)
1 creature vanquished.

Vanquished Creatures (collateral kills)
  A leopard gecko (D:1)
1 creature vanquished.

Grand Total: 2 creatures vanquished

Notes
Turn   | Place    | Note
-------+----------+-------------------------------------------
     0 | D:1      | Raykoid666 the Demonspawn Wanderer began the quest for the Orb.
     0 | D:1      | Raykoid666 set off with: a book of Air, Sif Muna's Handbook of Earth, the Tome of Creation, a +0 robe, a +0 dagger, a bread ration
     0 | D:1      | Reached XP level 1. HP: 13/13 MP: 3/3
     2 | D:1      | Learned a level 1 spell: Summon Small Mammal
     4 | D:1      | Learned a level 1 spell: Shock
    58 | D:1      | Slain by a kobold

Vault maps used:
D:1:      lightli_arrival_chessboard, minmay_misc_feat_rugged

Action                   || total
-------------------------++-------
Melee: Dagger            ||    10
 Cast: Summon Small Mamm ||     6
Armor: Robe              ||     1
Dodge: Dodged            ||    12

Table legend:
 A = Spawn XP
 B = Non-spawn XP
 C = Spawn XP percentage of total XP
 D = Spawn monster count
 E = Non-spawn monster count
 F = Spawn count percentage of total count
 G = Total turns spent on level
                    A         B        C        D         E        F      G
               +---------+---------+-------+---------+---------+-------+---------
         Total |       0 |       4 |   0.0 |       0 |       2 |   0.0 |    58
               +---------+---------+-------+---------+---------+-------+---------
           D:1 |       0 |       4 |   0.0 |       0 |       2 |   0.0 |    58
               +---------+---------+-------+---------+---------+-------+---------
